 Dungeon Crawl Stone Soup version 0.29.0-7-g18a832c13a (webtiles) character file.

Game seed: 16977396769347107482

99 ImASeal the Chopper (level 4, -9/45 HPs)
             Began as a Troll Fighter on Aug 31, 2022.
             Mangled by Terence
             ... wielding a +2 flail of protection
              (12 damage)
             ... on level 3 of the Dungeon.
             The game lasted 00:03:36 (1577 turns).

ImASeal the Chopper (Troll Fighter)                 Turns: 1577, Time: 00:03:37

Health: -9/45      AC:  4    Str: 26    XL:     4   Next: 45%
Magic:  3/3        EV:  8    Int:  4    God:
Gold:   88         SH:  7    Dex:  9    Spells: 3/3 levels left

rFire   . . .      SeeInvis .   a - +0 war axe
rCold   . . .      Faith    .   c - +0 kite shield
rNeg    . . .      Spirit   .   b - +0 robe
rPois   .          Reflect  .   (helmet restricted)
rElec   .          Harm     .   (no cloak)
rCorr   .          Rampage  .   (gloves unavailable)
Will    .....                   (boots unavailable)
Stlth   +.........              (no amulet)
HPRegen 0.95/turn               (no ring)
MPRegen 0.08/turn               (no ring)

@: no status effects
A: large, unfitting armour, claws 3, regeneration 1, shaggy fur 1, tough skin 1
a: no special abilities


You were on level 3 of the Dungeon.
You visited 1 branch of the dungeon, and saw 3 of its levels.

You collected 88 gold pieces.

Inventory:

Hand Weapons
 a - a +0 war axe (weapon)
Armour
 b - a +0 robe (worn)
 c - a +0 kite shield (worn)
Magical Staves
 g - a staff of conjuration
Scrolls
 f - a scroll of blinking {unknown}
 i - a scroll of fear {unknown}
 l - a scroll of identify {unknown}
Potions
 d - 2 potions of might
 e - a potion of ambrosia {unknown}
 h - a potion of lignification {unknown}
 j - a potion of heal wounds {unknown}
 k - 2 potions of berserk rage {unknown}
 m - a potion of invisibility {unknown}
 n - a potion of cancellation {unknown}
 o - a potion of degeneration {unknown}


   Skills:
 + Level 3.0 Fighting
 * Level 3.3 Axes
 - Level 2.5 Dodging
 + Level 0.2 Stealth
 - Level 2.7 Shields


You had 3 spell levels left.
You didn't know any spells.
Your spell library contained the following spells:

 Spells                   Type           Power      Damage    Failure   Level
 Portal Projectile        Hex/Tloc       0%         N/A       99%         3
 Tukima's Dance           Hex            0%         N/A       99%         3
 Blade Hands              Tmut           0%         N/A       100%        5


Dungeon Overview and Level Annotations

Branches:
Dungeon (3/15)

Altars:

Annotations:
D:3 Terence


Innate Abilities, Weirdness & Mutations

You are too large for most types of armour.
You have claws for hands.
Your natural rate of healing is unusually fast.
You are covered in fur. (AC +1)
You have tough skin. (AC +1)


Message History

Terence hits you with a +2 flail of protection.
You closely miss Terence. You barely miss the goblin.
Terence barely misses you. The goblin hits you but does no damage.
You hit Terence but do no damage. You closely miss the goblin.
Terence hits you with a +2 flail of protection!
The goblin hits you but does no damage.
Terence hits you with a +2 flail of protection.
The goblin hits you with a +0 dagger.
You closely miss Terence. You slash the goblin!
You kill the goblin!
Terence says, "Time to say good-bye..."
You block Terence's attack.
You closely miss Terence. Terence barely misses you.
Terence hits you with a +2 flail of protection.
You hit Terence.
Terence is lightly wounded.
Terence hits you with a +2 flail of protection!
You hit Terence but do no damage.
Terence is lightly wounded.
Terence hits you with a +2 flail of protection!
* * * LOW HITPOINT WARNING * * *
Terence hits you with a +2 flail of protection.
* * * LOW HITPOINT WARNING * * *
You barely miss Terence.
Terence is lightly wounded.
Terence closely misses you.
You closely miss Terence.
Terence is lightly wounded.
You block Terence's attack.
You hit Terence but do no damage.
Terence is lightly wounded.
You block Terence's attack. x2
You barely miss Terence.
Terence is lightly wounded.
Terence hits you with a +2 flail of protection.
* * * LOW HITPOINT WARNING * * *
You hit Terence.
Terence is moderately wounded.
Terence hits you with a +2 flail of protection!
You die...

...# ##.##.) ##...
#..# ### ##... #.##
#.##.# #######
..##.[..### #.....#
#.........###.....#
#####....)........#
##.##..#......# #
#..###....@@..# #
#..## ####..)..# #
#..# #.......#
###...# #......##
....... #......#
###.### ######.# ..
.# ...# . .....


You could see Terence.

Vanquished Creatures
  Jessica (D:2)
  2 adders (D:3)
  2 worms (D:2)
  4 endoplasms
  2 giant cockroaches
  5 goblins
  3 hobgoblins
  2 jackals (D:2)
  7 kobolds
  2 quokkas
  5 ball pythons
  5 bats
  5 frilled lizards
  3 rats
48 creatures vanquished.

Vanquished Creatures (others)
  A plant (D:1)
1 creature vanquished.

Grand Total: 49 creatures vanquished

Notes
Turn   | Place    | Note
-------+----------+-------------------------------------------
     0 | D:1      | ImASeal the Troll Fighter began the quest for the Orb.
     0 | D:1      | Reached XP level 1. HP: 22/22 MP: 0/0
   197 | D:1      | Found a faded altar of an unknown god.
   258 | D:1      | Reached XP level 2. HP: 29/29 MP: 1/1
   527 | D:2      | Noticed Jessica
   559 | D:2      | Killed Jessica
   560 | D:2      | Reached XP level 3. HP: 35/36 MP: 2/2
  1210 | D:2      | Reached XP level 4. HP: 45/45 MP: 3/3
  1562 | D:3      | Noticed Terence
  1572 | D:3      | HP: 1/45 [Terence/+2 flail of protection (4)]
  1577 | D:3      | Mangled by Terence

Illustrated notes

Levels and vault maps discovered:
D:1:      kennysheep_arrival_seaside, layout_rooms, basic_ecumenical_altar,
          minmay_misc_feat_five
D:2:      layout_loops_ring, grunt_decor_cap, kennysheep_nondescript,
          uniq_jessica
D:3:      layout_rooms, mainiacjoe_overflow_alcove_1,
          chequers_serial_rivers_micro_c, uniq_terence

Skill      XL: |  1  2  3 |
---------------+----------+-----
Axes           | 2 3 |  3.3
Fighting       | 3 |  3.0
Dodging        | |  2.5
Stealth        | |  0.2
Shields        | |  2.7

Action                   |  1- 3 |  4- 6 || total
-------------------------+-------+-------++-------
Melee: War axe           |   114 |    53 ||   167
Armor: Robe              |    53 |    18 ||    71
Dodge: Dodged            |    45 |    22 ||    67
Block: Kite shield       |    45 |    16 ||    61
